 Dungeon Crawl Stone Soup version 0.30.1-11-g7821555f0a (webtiles) character file.

Game seed: 7682291463333944245

190 SacredBeard the Shooter (level 5, -1/29 HPs)
             Began as a Deep Elf Hexslinger on Oct 31, 2023.
             Killed by nerve-wracking pain
             ... invoked by an orc priest
              (7 damage)
             ... on level 4 of the Dungeon.
             The game lasted 00:07:56 (2411 turns).

SacredBeard the Shooter (Deep Elf Hexslinger)       Turns: 2411, Time: 00:07:56

Health: -1/29      AC: 10    Str:  7    XL:     5   Next: 41%
Magic:  11/11      EV: 11    Int: 18    God:
Gold:   212        SH:  0    Dex: 20    Spells: 6/10 levels left

rFire   . . .        c - +0 dagger
rCold   + . .        (no shield)
rNeg    + . .        t - +4 ring mail "Muripsus" {rC+ Dex+3 Slay+2}
rPois   .            (no helmet)
rElec   .            (no cloak)
rCorr   .            d - +0 pair of gloves
SInv    .            (no boots)
Will    .....        (no amulet)
Stlth   +            p - ring of positive energy
HPRegen 0.24/turn    q - ring of flight
MPRegen 0.12/turn

%: no passive effects
@: flying
A: no striking features
a: no special abilities


You were on level 4 of the Dungeon.
You visited 1 branch of the dungeon, and saw 4 of its levels.

You collected 212 gold pieces.

Inventory:

Hand Weapons
 a - a +1 sling
 c - a +0 dagger (weapon)
Armour
 d - a +0 pair of gloves (worn)
 t - the +4 ring mail "Muripsus" (worn) {rC+ Dex+3 Slay+2}
   (You found it on level 3 of the Dungeon)

   Dex:       It affects your dexterity (+3).
   Slay:      It affects your accuracy & damage with ranged weapons and melee
   (+2).
   rC:        It protects you from cold.
Magical Staves
 s - a staff of death
Jewellery
 p - a ring of positive energy (left hand)
 q - a ring of flight (right hand)
Scrolls
 b - a scroll of poison
 e - a scroll of noise {unknown}
 f - a scroll of enchant weapon {unknown}
 j - a scroll of magic mapping {unknown}
 k - a scroll of fog {unknown}
 l - 2 scrolls of identify {unknown}
 m - 2 scrolls of amnesia {unknown}
 n - a scroll of teleportation {unknown}
Potions
 g - 2 potions of lignification {unknown}
 h - a potion of haste {unknown}
 i - a potion of mutation {unknown}
 o - 2 potions of flight {unknown}
 r - 3 potions of curing {unknown}


   Skills:
 - Level 1.0 Fighting
 * Level 5.1 Ranged Weapons
 - Level 1.0 Armour
 + Level 3.5 Dodging
 + Level 3.2 Spellcasting
 + Level 4.9 Hexes


You had 6 spell levels left.
You knew the following spells:

 Your Spells              Type           Power      Damage    Failure   Level
a - Slow                  Hex            80%        N/A       8%          1
b - Inner Flame           Hex/Fire       11%        N/A       52%         3

Your spell library contained the following spells:

 Spells                   Type           Power      Damage    Failure   Level
 Sting                    Tmut/Pois      8%         1d3       50%         1
 Portal Projectile        Hex/Tloc       22%        N/A       52%         3
 Cause Fear               Hex            10%        N/A       58%         4
 Poisonous Vapours        Pois/Air       4%         N/A       63%         2
 Ozocubu's Armour         Ice            2%         N/A       86%         3
 Olgreb's Toxic Radiance  Pois           2%         N/A       99%         4
 Metabolic Englaciation   Hex/Ice        5%         N/A       99%         5
 Simulacrum               Ice/Necr       1%         N/A       100%        6


Dungeon Overview and Level Annotations

Branches:
Dungeon (4/15) Zot: 21552
 Temple: D:4-7

Altars:
Gozag


Message History

You kill the ball python!
No target in view!
No target in view!
You fly downwards.
There is a stone staircase leading up here.
You shoot a sling bullet.
The sling bullet barely misses the orc priest.
The orc priest closely misses you.
You shoot a sling bullet.
The sling bullet closely misses the orc priest.
The orc priest invokes the aid of Beogh against you.
Beogh smites you!
You are too injured to fight recklessly!
You are too injured to fight recklessly!
You are too injured to fight recklessly!
You are too injured to fight recklessly!
c - a +0 dagger (weapon)
The orc priest barely misses you.
You closely miss the orc priest.
The orc priest mumbles some strange prayers to Beogh against you.
Beogh smites you!
You hit the orc priest but do no damage.
The orc priest closely misses you.
You barely miss the orc priest.
The orc priest hits you but does no damage.
You hit the orc priest.
The orc priest is lightly wounded.
The orc priest looks satisfied for a moment.
You barely miss the orc priest.
The orc priest is lightly wounded.
The orc priest hits you with a +0 dagger.
You hit the orc priest but do no damage.
The orc priest is lightly wounded.
The orc priest hits you with a +0 dagger.
* * * LOW HITPOINT WARNING * * *
You hit the orc priest but do no damage.
The orc priest is lightly wounded.
The orc priest calls down the wrath of Beogh upon you.
Pain shoots through your body!
You die...

## ## .>. ...
....########.?.⌠
................
###...<......##
#....[@.$......
#.###o###..#...
#. ## #) .. .#
.. ##


You could see an orc priest.

Vanquished Creatures
  Jessica (D:2)
  An orc wizard (D:3)
  4 adders
  4 gnolls (D:2)
  A dart slug (D:1)
  5 orcs
  2 endoplasms (D:2)
  3 giant cockroaches
  6 goblins
  5 hobgoblins
  3 jackals (D:3)
  2 quokkas (D:2)
  8 ball pythons
  6 bats
  2 frilled lizards (D:1)
  A kobold (D:1)
  4 rats
58 creatures vanquished.

Notes
Turn   | Place    | Note
-------+----------+-------------------------------------------
     0 | D:1      | SacredBeard the Deep Elf Hexslinger began the quest for the
                  | Orb.
     0 | D:1      | Reached XP level 1. HP: 11/11 MP: 5/5
    91 | D:1      | Reached skill level 3 in Ranged Weapons
   181 | D:1      | Reached XP level 2. HP: 16/16 MP: 6/6
   454 | D:2      | Reached skill level 1 in Fighting
   542 | D:2      | Reached XP level 3. HP: 20/20 MP: 7/7
   918 | D:2      | Noticed Jessica
   937 | D:2      | Killed Jessica
   938 | D:2      | Reached skill level 4 in Ranged Weapons
   938 | D:2      | Reached skill level 1 in Armour
   938 | D:2      | Reached XP level 4. HP: 20/25 MP: 9/9
  1131 | D:2      | Learned a level 3 spell: Inner Flame
  1720 | D:3      | Identified the +4 ring mail "Muripsus" {rC+ Dex+3 Slay+2}
  1812 | D:3      | Reached XP level 5. HP: 27/29 MP: 11/11
  2126 | D:3      | Found an opulent altar of Gozag.
  2369 | D:3      | Reached skill level 5 in Ranged Weapons
  2411 | D:4      | Killed from afar by an orc priest

Illustrated notes

Levels and vault maps discovered:
D:1:      saegor_arrival_simple_a, layout_rooms
D:2:      layout_loops_cross, uniq_jessica
D:3:      layout_loops_ring, mainiacjoe_overflow_tiny_flanked,
          minmay_stone_trees_small
D:4:      layout_rooms, tso_metal_star, minmay_temple_entry_junction_2,
          hellmonk_no_cap, uniq_crazy_yiuf_cottage

Skill      XL: |  1  2  3  4  5 |
---------------+----------------+-----
Ranged Weapons | 3 4 5 |  5.1
Fighting       | 1 |  1.0
Spellcasting   | 2 3 |  3.2
Armour         | 1 |  1.0
Dodging        | 3 |  3.5
Hexes          | |  4.9

Action                     |  1- 3 |  4- 6 || total
---------------------------+-------+-------++-------
  Melee: Dagger            |    46 |    70 ||   116
         Punch             |       |     1 ||     1
   Fire: Sling             |    63 |    72 ||   135
   Cast: Slow              |     2 |    12 ||    14
         Inner Flame       |       |     5 ||     5
 Armour: Robe              |     3 |       ||     3
         Leather armour    |    10 |     4 ||    14
         Ring mail         |       |    38 ||    38
  Dodge: Dodged            |    49 |    55 ||   104
